Map: Port Aleksander LE

Players

Iceman

  • Race: Zerg Zerg
  • League: Diamond
  • Spawn Location: 5:00

behzzzad - Winner!

  • Race: Protoss Protoss
  • League: Diamond
  • Spawn Location: 11:00

VOD

Have the link to the VOD?

Description

Time

  • Played on: Dec. 15, 2018, 3:34 p.m.
  • Length: 7:40
Show
View Real Time Build Order
Export as new Build Order

Iceman Zerg 

Build Orders: Hatch First 

Get SALT Encoding   

  12  0:01  Drone  
  13  0:13  Overlord  
  13  0:18  Drone  
  14  0:31  Drone x2  
  16  0:50  Hatchery  
  16  0:53  Drone  
  16  0:57  Drone  
  16  1:00  Drone  
  18  1:08  Extractor  
  17  1:20  Drone, Spawning Pool  
  17  1:24  Drone  
  18  1:30  Drone  
  19  1:39  Overlord  
  19  1:52  Drone  
  20  2:09  Zergling x4, Queen x2  
  20  2:11  Drone  
  20  2:13  Drone  
  28  2:22  Drone  
  29  2:23  Metabolic Boost  
  29  2:29  Drone  
  30  2:39  Drone x2  
  32  2:49  Hatchery  
  31  2:53  Overlord  
  31  2:59  Drone x3  
  34  3:06  Drone  
  34  3:11  Drone  
  36  3:16  Drone  
  36  3:18  Drone  
  38  3:20  Roach Warren  
  38  3:23  Drone x2  
  38  3:24  Drone  
  40  3:31  Drone x2  
  40  3:32  Drone x2  
  40  3:34  Extractor  
  43  3:35  Extractor, Overlord  
  43  3:40  Overlord  
  42  3:59  Drone  
  42  4:00  Drone x2  
  42  4:01  Drone x3  
  48  4:04  Lair  
  48  4:05  Roach  
  50  4:12  Roach x2  
  50  4:13  Overlord  
  50  4:14  Roach  
  56  4:17  Roach  
  56  4:19  Overlord  
  56  4:20  Roach  
  60  4:25  Roach  
  60  4:26  Roach  
  64  4:31  Spine Crawler  
  64  4:32  Roach  
  64  4:34  Roach  
  64  4:37  Roach  
  69  4:39  Roach  
  69  4:43  Roach  
  69  4:45  Roach  
  75  4:48  Roach  
  75  4:51  Roach  
  79  4:54  Roach  
  79  4:59  Overlord x2  
  81  5:06  Glial Reconstitution  
  81  5:08  Zergling x2  
  81  5:12  Overlord x2  
  82  5:18  Queen  
  82  5:19  Roach  
  82  5:21  Roach  
  88  5:23  Roach  
  88  5:26  Roach  
  88  5:28  Roach  
  94  5:32  Overseer  
  93  5:36  Roach x2  
  93  5:40  Zergling x4  
  93  5:41  Zergling x4  
  101  5:45  Zergling x2  
  101  5:46  Zergling x4  
  101  5:48  Ravager  
  105  5:52  Ravager  
  105  5:54  Zergling x6  
  105  5:55  Zergling x2  
  110  6:07  Zergling x8  
  110  6:16  Zergling x12  
  103  6:21  Zergling x4  
  103  6:24  Zergling x2  
  87  6:31  Zergling x10  
  86  6:37  Drone  
  86  6:40  Extractor, Drone  
  86  6:41  Drone x2  
  86  6:43  Drone x2  
  86  6:45  Ravager x3  
  86  6:46  Ravager x2  
  95  6:47  Ravager  
  96  6:57  Zergling x6  
  86  7:12  Zergling x12  
  77  7:19  Roach x3  
Show
View Real Time Build Order
Export as new Build Order

behzzzad Protoss - Winner!

Build Orders: 1 Gate Expand, Chargelot Immortal 

Get SALT Encoding   

  12  0:01  Probe  
  13  0:13  Probe  
  14  0:20  Pylon  
  14  0:25  Probe  
  15  0:40  Gateway  
  15  0:41  Probe  
  15  0:49  Probe  
  16  0:50  Assimilator  
  17  0:58  Probe  
  18  1:07  Probe  
  19  1:15  Probe  
  20  1:30  Nexus  
  20  1:34  Probe  
  21  1:48  Cybernetics Core  
  21  1:50  Probe  
  22  1:59  Assimilator  
  22  2:02  Probe  
  23  2:12  Pylon  
  23  2:27  Robotics Facility  
  23  2:28  Warp Gate  
  23  2:30  Zealot  
  23  2:32  Probe  
  26  2:41  Probe  
  26  2:43  Probe  
  28  2:54  Probe, Pylon  
  28  2:55  Probe  
  30  3:03  Probe  
  30  3:04  Probe  
  30  3:11  Probe  
  30  3:12  Probe  
  32  3:14  Immortal  
  38  3:20  Probe  
  38  3:21  Probe  
  40  3:29  Twilight Council  
  40  3:32  Probe  
  42  3:39  Pylon  
  41  3:49  Immortal  
  45  3:58  Charge  
  45  4:03  Gateway  
  45  4:05  Gateway  
  45  4:07  Gateway x2  
  45  4:09  Gateway  
  45  4:22  Immortal  
  45  4:28  Gateway  
  45  4:30  Pylon  
  49  4:32  Pylon  
  49  4:44  Stalker  
  51  5:01  Warp Prism  
  53  5:07  Pylon  
  53  5:09  Pylon  
  53  5:11  Pylon  
  53  5:12  Zealot x5  
  63  5:25  Pylon  
  63  5:31  Pylon  
  63  5:45  Zealot x6  
  63  5:47  Immortal  
  79  5:54  Zealot  
  81  6:13  Zealot x2  
  81  6:14  Zealot x5  
  49  6:43  Zealot x4  
  49  6:44  Zealot x3  
  49  6:45  Immortal  
  59  7:09  Zealot x7  
  67  7:29  Zealot x6  
Tags
 
Add a new tag
Caveats
  • Supply blocks, unpowered buildings, or Contaminate may cause inaccurate times.
  • Supply counts are checked every 10 seconds.